 Dungeon Crawl Stone Soup version 0.31-a0-664-g902f515a81 (webtiles) character file.

Game seed: 18219814093203233982

8141 spardeous the Thaumaturge (level 10, -11/69 HPs)
             Began as a Demigod Conjurer on Sept 2, 2023.
             Killed from afar by an acid dragon (23 damage)
             ... with a splash of acid
             ... on level 13 of the Dungeon on Sept 3, 2023.
             The game lasted 00:26:27 (13031 turns).

spardeous the Thaumaturge (Demigod Conjurer)       Turns: 13031, Time: 00:26:28

Health: -11/69     AC: 14    Str: 16    XL:     10   Next: 78%
Magic:  16/28      EV: 10    Int: 30    God:
Gold:   765        SH:  0    Dex: 26    Spells: 10/29 levels left

rFire   x . .        t - +2 dagger (venom)
rCold   . . .        (no shield)
rNeg    . . .        H - +3 scale mail
rPois   .            y - +0 helmet
rElec   .            (no cloak)
rCorr   .            L - +2 pair of gloves {Dex+3}
SInv    .            z - +0 pair of boots "Noavoh" {rF- Regen+ Dex+5}
Will    +....        (no amulet)
Stlth   +            d - +6 ring of dexterity
HPRegen 1.11/turn    f - +6 ring of intelligence
MPRegen 0.21/turn

%: no passive effects
@: no status effects
A: high MP 1, forlorn, divine attributes
a: no special abilities


You were on level 13 of the Dungeon.
You visited 1 branch of the dungeon, and saw 12 of its levels.
You also visited: Bailey.

You collected 964 gold pieces.
You spent 199 gold pieces at shops.

Inventory:

Hand Weapons
 j - a +1 mace of venom
 t - a +2 dagger of venom (weapon)
Armour
 k - a +0 kite shield
 n - a +0 ring mail
 u - a +0 buckler
 y - a +0 helmet (worn)
 z - the +0 pair of boots "Noavoh" (worn) {rF- Regen+ Dex+5}
   (You bought it in a shop on level 3 of the Dungeon)

   Dex+5:     It affects your dexterity (+5).
   rF-:       It makes you vulnerable to fire.
   Regen+:    It increases your rate of health regeneration.
 H - a +3 scale mail (worn)
 J - a +0 crystal plate armour
 K - a +1 kite shield of reflection
 L - a +2 pair of gloves of dexterity (worn)
Magical Staves
 I - a staff of poison
Jewellery
 d - a +6 ring of dexterity (left hand)
 f - a +6 ring of intelligence (right hand)
 N - a +4 ring of slaying
Talismans
 i - a serpent talisman
 E - a beast talisman
Wands
 F - a wand of quicksilver (11)
 G - a wand of mindburst (6)
Scrolls
 c - 2 scrolls of enchant weapon
 e - 2 scrolls of silence
 g - 2 scrolls of fog
 h - 9 scrolls of teleportation {unknown}
 m - 3 scrolls of enchant armour
 q - 3 scrolls of blinking
 s - 3 scrolls of vulnerability
 v - a scroll of immolation
 w - 2 scrolls of fear
 B - a scroll of noise
Potions
 a - 4 potions of curing
 l - 2 potions of berserk rage {unknown}
 o - a potion of mutation
 p - a potion of degeneration
 r - a potion of ambrosia {unknown}
 x - 3 potions of lignification {unknown}
 A - 8 potions of heal wounds {unknown}
 C - a potion of cancellation {unknown}
 D - 3 potions of attraction {unknown}
 M - a potion of enlightenment {unknown}


   Skills:
 - Level 2.2 Dodging
 - Level 2.3 Stealth
 - Level 10.0 Spellcasting
 + Level 9.5 Conjurations
 + Level 7.2 Translocations


You had 10 spell levels left.
You knew the following spells:

 Your Spells              Type           Power      Damage    Failure   Level
a - Magic Dart            Conj           100%       1d8       1%          1
b - Searing Ray           Conj           100%       2d8       1%          2
c - Iskenderun's Mystic   Conj/Tloc      60%        2d13      4%          4
d - Fulminant Prism       Conj/Hex       21%        3d12      19%         4
x - Manifold Assault      Tloc           56%        N/A       7%          4
z - Vhi's Electric Charg  Tloc/Air       72%        N/A       30%         4

Your spell library contained the following spells:

 Spells                   Type           Power      Damage    Failure   Level
 Apportation              Tloc           100%       N/A       1%          1
 Blink                    Tloc           100%       N/A       1%          2
 Dazzling Flash           Conj/Hex       86%        N/A       5%          3
 Hailstorm                Conj/Ice       43%        3d10      5%          3
 Portal Projectile        Hex/Tloc       72%        N/A       9%          3
 Freeze                   Ice            60%        1d7       13%         1
 Necrotise                Necr           60%        1d7       13%         1
 Summon Small Mammal      Summ           60%        N/A       13%         1
 Call Canine Familiar     Summ           15%        N/A       36%         3
 Frozen Ramparts          Ice            30%        1d5       36%         3
 Ozocubu's Armour         Ice            15%        N/A       36%         3
 Tukima's Dance           Hex            15%        N/A       36%         3
 Arcjolt                  Conj/Air       21%        1d31      45%         5
 Leda's Liquefaction      Hex/Erth       7%         N/A       78%         4
 Alistair's Intoxication  Tmut/Pois      10%        N/A       98%         5
 Ozocubu's Refrigeration  Ice            7%         4d9       100%        7
 Maxwell's Capacitive Co  Air            7%         ∞         100%        8


Dungeon Overview and Level Annotations

Branches:
Dungeon (13/15)            Temple (0/1) D:7            Lair (0/5) D:9
    Orc (0/2) D:9          Bailey (visited)
 Vaults: D:13-14

Shops:
D:3 [


Innate Abilities, Weirdness & Mutations

You have an increased reservoir of magic. (+10% MP)
You shall have no god before yourself.
Your divine heritage dramatically boosts your attributes as you level up.


Message History

Casting: Searing Ray (safe; 1% risk of failure)
Confirm with . or Enter, or press ? or * to list all spells.
Okay, then.
Casting: Searing Ray (safe; 1% risk of failure)
Confirm with . or Enter, or press ? or * to list all spells.
Charge where?
Press: ? - help, Dir - move target, f - centaur warrior
Aim: a centaur warrior, wielding a +0 shortbow (lightly wounded, 89% to hit)
You charge forward with an electric crackle!
An acid dragon comes into view.
You puncture the centaur warrior and electrocute it!
The centaur warrior is moderately wounded.
The centaur warrior unwields a +0 shortbow.
The centaur warrior hits you.
* * * LOW HITPOINT WARNING * * *
The centaur warrior kicks you.
* * * LOW HITPOINT WARNING * * *
The centaur warrior hits you but does no damage.
The centaur warrior kicks you but does no damage.
You take 2 damage, and have 30/69 hp.
You now have 20/28 mp.
Unknown command.
Casting: Vhi's Electric Charge (dangerous; 30% risk of failure)
Confirm with . or Enter, or press ? or * to list all spells.
You erupt in a blast of force!
The mystic blast hits the centaur warrior.
The centaur warrior is moderately wounded.
The centaur warrior misses you.
The centaur warrior kicks you but does no damage.
The acid dragon spits acid at you. The splash of acid hits you!!
* * * LOW HITPOINT WARNING * * *
You take 24 damage, and have 6/69 hp.
MASSIVE DAMAGE!!
You now have 16/28 mp.
Unknown command.
Unknown command.
You feel better. The centaur warrior hits you.
* * * LOW HITPOINT WARNING * * *
The centaur warrior closely misses you. The acid dragon spits acid at you.
The splash of acid hits you!!
You die...

### #.# #.#
###########.#
##...........#
.............###########
.......c................
.......@..........>.....
.......#'#######........
.......#.......+........
.......#.......#........
.......#.......#........
..D....#########........
....... ..............
....... ..............
########....##


You could see a centaur warrior and an acid dragon (catching breath).

Vanquished Creatures
  A deep elf pyromancer (D:13)
  A manticore (D:13)
  An ugly thing (D:13)
  A kobold demonologist (D:9)
  The ghost of olddryhag the Conjurer, a novice TeRe of Gozag (D:5)
  3 trolls
  6 yaks (D:8)
  3 hogs (D:8)
  A human (D:8)
  A basilisk (D:13)
  A steam dragon (D:9)
  An acid dragon (D:10)
  A water moccasin (D:7)
  3 black bears
  9 orc warriors
  2 ogres
  2 wolves
  A phantom (D:7)
  3 bullfrogs
  3 scorpions (D:5)
  5 wights (D:8)
  9 killer bees
  4 electric eels (D:9)
  A howler monkey (D:5)
  2 jellies
  10 hounds
  7 orc priests
  A gnoll bouda (D:4)
  5 iguanas
  A sleepcap (D:6)
  An orc wizard (D:9)
  Robin (D:3)
  9 adders
  4 gnolls
  3 shadow imps
  3 white imps
  3 worms
  5 dart slugs
  67 orcs
  7 endoplasms
  5 giant cockroaches
  21 goblins
  7 hobgoblins
  14 jackals
  4 quokkas
  11 ball pythons
  2 bats
  6 frilled lizards
  8 kobolds
  3 rats (D:1)
274 creatures vanquished.

Notes
Turn   | Place    | Note
-------+----------+-------------------------------------------
     0 | D:1      | spardeous the Demigod Conjurer began the quest for the Orb.
     0 | D:1      | Reached XP level 1. HP: 14/14 MP: 5/5
   186 | D:1      | Reached skill level 2 in Spellcasting
   186 | D:1      | Reached XP level 2. HP: 20/20 MP: 1/7
   933 | D:1      | Reached XP level 3. HP: 26/26 MP: 6/8
  1022 | D:2      | Learned a level 2 spell: Searing Ray
  2254 | D:3      | Found Penog's Antique Armour Shop.
  2356 | D:3      | Noticed Robin
  2371 | D:3      | Reached XP level 4. HP: 33/33 MP: 0/10
  2742 | D:3      | Killed Robin
  2907 | D:3      | Reached skill level 3 in Spellcasting
  3304 | D:3      | Bought a pair of warped boots for 199 gold pieces
  3304 | D:3      | Identified the +0 pair of boots "Noavoh" {rF- Regen+ Dex+5}
                  | (You bought it in a shop on level 3 of the Dungeon)
  3650 | D:4      | Reached XP level 5. HP: 38/38 MP: 7/12
  3813 | D:4      | Reached skill level 5 in Conjurations
  4534 | D:4      | Learned a level 4 spell: Iskenderun's Mystic Blast
  4594 | D:5      | Entered Level 5 of the Dungeon
  4625 | D:5      | Noticed an ogre
  4629 | D:5      | Killed an ogre
  4630 | D:5      | Reached XP level 6. HP: 45/45 MP: 7/13
  4903 | D:5      | Found a runed translucent gate.
  4903 | D:5      | Found a runed translucent gate.
  4903 | D:5      | Found a runed translucent gate.
  4907 | D:5      | Noticed olddryhag's ghost (novice TeRe)
  5461 | D:6      | Reached XP level 7. HP: 50/50 MP: 9/14
  5934 | D:6      | Reached skill level 1 in Translocations
  6232 | D:6      | Noticed a troll
  6264 | D:6      | Killed a troll
  7061 | D:7      | Reached skill level 5 in Translocations
  7061 | D:7      | Reached XP level 8. HP: 57/57 MP: 10/16
  7547 | D:7      | Found a staircase to the Ecumenical Temple.
  7639 | D:7      | Learned a level 4 spell: Fulminant Prism
  7743 | D:7      | Reached skill level 4 in Spellcasting
  8203 | D:7      | Reached skill level 5 in Spellcasting
  8726 | D:8      | Reached XP level 9. HP: 58/62 MP: 13/21
  9121 | D:8      | Reached skill level 6 in Spellcasting
  9204 | D:8      | Reached skill level 7 in Spellcasting
  9371 | D:8      | Reached skill level 8 in Spellcasting
 10034 | D:5      | Killed olddryhag's ghost
 10035 | D:5      | Reached skill level 9 in Spellcasting
 10233 | D:7      | Learned a level 4 spell: Manifold Assault
 10329 | D:9      | Noticed a kobold demonologist
 10345 | D:9      | Killed a kobold demonologist
 10346 | D:9      | Reached XP level 10. HP: 58/69 MP: 11/27
 10464 | D:9      | Found a flagged portal.
 10489 | D:9      | Learned a level 4 spell: Vhi's Electric Charge
 10490 | Bailey   | Entered a bailey
 11007 | Bailey   | Reached skill level 10 in Spellcasting
 11472 | D:9      | Found a staircase to the Lair.
 12017 | D:9      | Found a staircase to the Orcish Mines.
 12420 | D:9      | Found a staircase to the Lair.
 12517 | D:9      | Found a staircase to the Orcish Mines.
 12807 | D:10     | Entered Level 10 of the Dungeon
 12847 | D:10     | You fall into a shaft and drop 3 floors!
 12914 | D:13     | Noticed a deep elf pyromancer
 12915 | D:13     | Noticed a white ugly thing
 12923 | D:13     | Killed a deep elf pyromancer
 12931 | D:13     | Killed a white ugly thing
 12946 | D:13     | Noticed a manticore
 12967 | D:13     | Killed a manticore
 13020 | D:13     | Noticed a centaur warrior
 13031 | D:13     | Killed from afar by an acid dragon

Illustrated notes

Levels and vault maps discovered:
D:1:      dpeg_arrival_orchard, layout_rooms, chequers_serial_rivers_room_b,
          serial_bayou_crossing
D:2:      layout_basic
D:3:      layout_basic, lemuel_tele_altar, fedhas_altar_4,
          nicolae_dithmenos_the_darkroom, serial_shops,
          nicolae_shop_statue_plus, ebering_ecumenical_altar_webs, uniq_robin
D:4:      layout_cave_pools, mainiacjoe_overflow_chevrons, serial_bayou,
          serial_bayou_pond_c, serial_bayou_pond_d, serial_bayou_pond_a,
          serial_bayou_pond_e
D:5:      layout_rooms, gammafunk_ghost_split
D:6:      layout_layer_cave, mainiacjoe_overflow_24_doors, lemuel_crystal_altar,
          nicolae_figureground_pulse
D:7:      layout_gridville, mainiacjoe_overflow_boulevard,
          minmay_temple_entry_tees
D:8:      layout_loops_corners, zin_statuary, mainiacjoe_overflow_alcove_2,
          grunt_livestock, minmay_gold_behind_fungi
D:9:      layout_cave_pools, erik_lair_island, hiddenorc2_lemuel, enter_bailey_5
D:10:     layout_long_grid, vehumet_crystals, ebering_dispersal_statue_hall,
          uniq_grum
D:12:     layout_loops_ring, minivault_22, uniq_josephine
D:13:     layout_irregular_city, david_vaults_5,
          portal_ice_cave_entry_ice_simulacra, uniq_azrael

Skill      XL: |  1  2  3  4  5  6  7  8  9 10 |
---------------+-------------------------------+-----
Dodging        | 2 |  2.2
Stealth        | 2 |  2.3
Spellcasting   | 2 3 5 9 10 | 10.0
Conjurations   | 4 6 7 9 |  9.5
Translocations | 5 6 7 |  7.2

Action                     |  1- 3 |  4- 6 |  7- 9 | 10-12 || total
---------------------------+-------+-------+-------+-------++-------
  Melee: Dagger            |       |    21 |     3 |    22 ||    46
         Staff             |       |       |       |    16 ||    16
   Cast: Magic Dart        |   109 |   145 |    80 |    90 ||   424
         Searing Ray       |     1 |    11 |    50 |    36 ||    98
         Iskenderun's Myst |       |       |     6 |    11 ||    17
         Vhi's Electric Ch |       |       |       |     1 ||     1
  Evoke: Wand              |       |       |     2 |       ||     2
    Use: Scroll            |       |     5 |     4 |     1 ||    10
         Potion            |       |     3 |       |     2 ||     5
 Armour: Ring mail         |     3 |    42 |    88 |    24 ||   157
         Leather armour    |     2 |       |       |       ||     2
         Scale mail        |       |       |       |   113 ||   113
  Dodge: Dodged            |    14 |    40 |    63 |    80 ||   197

Table legend: (Time is in decaauts)
 A = Elapsed time spent in this place.
 B = Non-inter-level travel time spent in this place.
 C = Inter-level travel time spent in this place.
 D = Time resting spent in this place.
 E = Time spent auto-exploring this place.
 F = Levels seen in this place.
 G = Mean time per level.
                   A        B        C        D        E       F      G
               +--------+--------+--------+--------+--------+-----+--------+
         Total |  13058 |  12244 |    814 |    922 |   9234 |  13 | 1004.5 |
       Dungeon |  12132 |  11318 |    814 |    729 |   8809 |  12 | 1011.0 |
        Bailey |    926 |    926 |      0 |    193 |    424 |   1 |  926.0 |
               +--------+--------+--------+--------+--------+-----+--------+

Top non-repeatable levels by time:
     D:6: 1753 daAuts
     D:8: 1598 daAuts
     D:9: 1442 daAuts
     D:7: 1411 daAuts
     D:2: 1253 daAuts
     D:3: 1227 daAuts
     D:4: 1142 daAuts
     D:1: 1094 daAuts
     D:5: 986 daAuts
  Bailey: 926 daAuts
    D:13: 181 daAuts
    D:10: 39 daAuts
    D:12: 2 daAuts
